AoeStats
← Elpataflaka1872

Black Forest

510037757Analyzed
4v4 RM · 3d ago on Sep 29, 2026· 48m 57s· 8 players
Game mode
Random Map
Map size
Large (8 player)
Population
200
Speed
Normal
Resources
Standard
Victory
Conquest
Starting age
Dark Age
Ending age
Imperial Age
RankedLock teamsTeams togetherTeam positionsShared explorationLock speedFull tech treeHidden civsTurbo modeCheats
Victory
Defeat
🇰🇿 Turks · Kazakhstan
719
+16
🇨🇦 Spanish · Canada
709
+16
🇲🇽 Spanish · Mexico
705
+17
🇺🇸 Teutons · United States
693
+17
🇦🇷 Khmer · Argentina
842
-35
🇺🇸 Bohemians · United States
722
-17
🇺🇸 Britons · United States
658
-14
🇦🇷 Byzantines · Argentina
655
-14
Gracious__Buds
0:27 Loom
14:27 Feudal Age
15:43 Wheelbarrow
14:52 Horse Collar
15:01 Double-Bit Axe
16:39 Gold Mining
16:55 Stone Mining
24:23 Castle Age
24:00 Fletching
24:48 Scale Mail Armor
24:58 Forging
25:37 Hand Cart
25:25 Heavy Plow
25:40 Bow Saw
26:10 Stone Shaft Mining
29:41 Ballistics
29:33 Fortified Wall
30:20 Coinage
30:31 Bodkin Arrow
35:28 Imperial Age
34:33 Caravan
35:12 Masonry
35:27 Chain Mail Armor
35:48 Iron Casting
38:10 Imperial Age
39:26 Crop Rotation
40:01 Two-Man Saw
39:51 Crenellations
40:51 Plate Mail Armor
41:22 Blast Furnace
40:45 Man-at-Arms
41:10 Gambesons
41:26 Squires
42:19 Elite Teutonic Knight
43:04 Pikeman
43:08 Long Swordsman
46:14 Chemistry
45:00 Arrowslits
46:21 Ironclad
46:51 Two-Handed Swordsman
Leeroy Jenkins 2012
0:44 Loom
16:02 Feudal Age
16:50 Town Watch
19:10 Double-Bit Axe
19:59 Gold Mining
19:54 Horse Collar
23:15 Castle Age
21:36 Man-at-Arms
23:06 Scale Mail Armor
23:16 Forging
24:36 Bow Saw
32:55 Ballistics
33:46 Gambesons
36:46 Fletching
36:31 Long Swordsman
37:13 Squires
38:58 Caravan
39:04 Pikeman
39:30 Arson
40:32 Wheelbarrow
40:19 Heavy Plow
43:46 Bodkin Arrow
44:26 Iron Casting
44:07 Chain Mail Armor
46:21 Masonry
46:07 Murder Holes
48:46 Imperial Age
46:32 Hand Cart
46:18 Town Patrol
46:53 Scale Barding Armor
josefero91
3:10 Loom
12:39 Feudal Age
18:19 Castle Age
18:17 Wheelbarrow
28:01 Hand Cart
29:28 Husbandry
29:39 Bloodlines
33:59 Imperial Age
33:57 Scale Barding Armor
34:04 Forging
33:58 Scale Mail Armor
34:23 Murder Holes
35:20 Horse Collar
36:46 Cavalier
36:47 Light Cavalry
40:43 Paladin
41:50 Chain Barding Armor
42:07 Iron Casting
42:18 Conscription
43:51 Stone Mining
43:52 Gold Mining
44:06 Heavy Plow
43:57 Double-Bit Axe
NIKO
3:56 Loom
10:42 Feudal Age
15:06 Castle Age
13:19 Horse Collar
13:38 Double-Bit Axe
15:59 Bow Saw
16:06 Heavy Plow
19:16 Wheelbarrow
19:51 Fletching
24:43 Husbandry
25:30 Scale Barding Armor
26:45 Bloodlines
26:52 Forging
27:06 Chain Barding Armor
31:00 Fervor
31:15 Hand Cart
34:29 Imperial Age
31:44 Treadmill Crane
32:15 Masonry
32:27 Ballistics
32:05 Murder Holes
32:18 Bodkin Arrow
36:44 Iron Casting
36:45 Plate Barding Armor
36:11 Bracer
36:38 Bombard Tower
37:36 Town Watch
39:43 Architecture
40:30 Town Patrol
45:00 Blast Furnace
44:01 Scale Mail Armor
FARTKNOXX
2:02 Loom
17:35 Feudal Age
19:21 Horse Collar
19:30 Double-Bit Axe
20:11 Gold Mining
20:13 Stone Mining
32:39 Castle Age
31:15 Wheelbarrow
38:00 Imperial Age
35:48 Hand Cart
39:33 Padded Archer Armor
39:23 Fletching
42:26 Leather Archer Armor
42:07 Bodkin Arrow
soccergeeg
1:02 Loom
13:25 Feudal Age
15:49 Double-Bit Axe
19:01 Horse Collar
21:37 Castle Age
21:22 Padded Archer Armor
23:18 Crossbowman
25:19 Wheelbarrow
25:05 Leather Archer Armor
24:22 Pikeman
26:10 Bow Saw
29:08 Hand Cart
30:52 Scale Mail Armor
33:06 Heavy Plow
34:32 Chemistry
36:36 Imperial Age
35:07 Wagenburg Tactics
39:48 Two-Man Saw
38:52 Caravan
39:22 Coinage
39:04 Guilds
38:45 Elite Hussite Wagon
40:17 Ballistics
40:39 Halberdier
43:07 Bombard Tower
44:31 Banking
46:40 Forging
Elpataflaka1872
10:14 Feudal Age
14:58 Castle Age
12:52 Double-Bit Axe
16:17 Bow Saw
15:53 Horse Collar
23:24 Wheelbarrow
23:09 Loom
26:39 Imperial Age
24:23 Gold Mining
24:44 Heavy Plow
25:48 Hand Cart
25:33 Stone Mining
26:44 Fortified Wall
27:52 Gold Shaft Mining
27:54 Stone Shaft Mining
28:22 Two-Man Saw
28:22 Crop Rotation
29:02 Two-Man Saw
29:43 Fletching
32:47 Scale Barding Armor
32:53 Forging
33:30 Squires
33:16 Arson
33:53 Husbandry
35:13 Chain Barding Armor
35:29 Iron Casting
34:55 Scale Mail Armor
35:22 Conscription
34:26 Elite Cataphract
36:08 Guilds
36:00 Caravan
37:11 Plate Barding Armor
37:48 Hoardings
38:27 Logistica
44:34 Coinage
WildCashew8600
10:04 Feudal Age
13:53 Double-Bit Axe
13:56 Horse Collar
19:11 Castle Age
20:29 Bow Saw
20:21 Heavy Plow
23:59 Wheelbarrow
23:46 Gold Mining
25:37 Gold Shaft Mining
26:17 Hand Cart
33:32 Imperial Age
33:27 Loom
34:25 Pikeman
35:43 Crop Rotation
35:07 Stone Mining
35:56 Forging
35:52 Scale Barding Armor
36:23 Ballistics
37:10 Stone Shaft Mining
37:22 Town Watch
38:01 Herbal Medicine
38:11 Husbandry
38:22 Bloodlines
39:22 Heavy Scorpion
42:32 Elite Battle Elephant
42:38 Light Cavalry
43:41 Chain Barding Armor
43:57 Iron Casting
44:25 Chemistry
43:34 Siege Engineers
43:27 Murder Holes
45:09 Plate Barding Armor
44:15 Onager
44:22 Onager
44:27 Capped Ram
46:42 Blast Furnace
45:44 Padded Archer Armor
45:35 Fletching
45:10 Hussar
47:20 Scale Mail Armor
46:43 Halberdier
47:10 Arson
Connection lost

Rejoining the realm…

Still unreachable

The connection could not be restored.

Session expired

The server has moved on; the page needs a fresh start.